 Dungeon Crawl Stone Soup version 0.30-a0-883-g5ad918d77d (webtiles) character file.

Game seed: 5194367211804853431

165 Pimp the Vexing (level 5, -2/37 HPs)
             Began as a Formicid Wanderer on Mar 16, 2023.
             Slain by Crazy Yiuf
             ... wielding a +3 quarterstaff of chaos
              (14 damage)
             ... on level 3 of the Dungeon.
             The game lasted 00:06:18 (2119 turns).

Pimp the Vexing (Formicid Wanderer)                 Turns: 2119, Time: 00:06:19

Health: -2/37      AC:  3    Str: 14 (15) XL:     5   Next: 74%
Magic:  8/8        EV: 11    Int: 11 (14) God:
Gold:   71         SH:  0    Dex: 13 (14) Spells: 6/8 levels left

rFire   . . .      SeeInvis +    q - +0 broad axe (flame)
rCold   . . .      Faith    .    (no shield)
rNeg    . . .      Spirit   .    d - +0 robe
rPois   .          Reflect  .    (helmet unavailable)
rElec   .          Rampage  .    b - +0 cloak
rCorr   .                        (no gloves)
Will    .....                    (no boots)
Stlth   ++                       (no amulet)
HPRegen 0.26/turn                (no ring)
MPRegen 0.11/turn                (no ring)

@: lethally poisoned (-2 -> -7)
A: permanent stasis, dig shafts and tunnels, antennae 3, four strong arms
a: Dig, Shaft Self


You were on level 3 of the Dungeon.
You visited 1 branch of the dungeon, and saw 3 of its levels.

You collected 71 gold pieces.

Inventory:

Hand Weapons
 a - a +0 dagger
 g - a +0 short sword
 j - a +1 dagger of electrocution
 q - a +0 broad axe of flaming (weapon)
Armour
 b - a +0 cloak (worn)
 d - a +0 robe (worn)
Jewellery
 l - an amulet of guardian spirit


   Skills:
 + Level 1.3 Fighting
 - Level 0.6 Short Blades
 * Level 1.2 Axes
 + Level 1.4 Armour
 + Level 0.7 Dodging
 - Level 2.9 Stealth
 * Level 2.2 Spellcasting
 + Level 6.4 Hexes
 + Level 1.8 Earth Magic
 + Level 2.9 Evocations


You had 6 spell levels left.
You knew the following spells:

 Your Spells              Type           Power      Damage    Failure   Level
a - Slow                  Hex            60%        N/A       1%          1
b - Sandblast             Erth           10%        2d5       13%         1

Your spell library contained the following spells:

 Spells                   Type           Power      Damage    Failure   Level
 Inner Flame              Hex/Fire       8%         N/A       22%         3
 Magic Dart               Conj           4%         1d3       28%         1
 Passwall                 Tmut/Erth      2%         N/A       30%         2
 Call Imp                 Summ           1%         N/A       41%         2
 Lesser Beckoning         Tloc           2%         N/A       41%         2
 Momentum Strike          Conj/Tloc      2%         3d8       41%         2
 Stone Arrow              Conj/Erth      6%         3d7       52%         3
 Fulminant Prism          Conj/Hex       4%         3d5       58%         4
 Mephitic Cloud           Conj/Pois/Air  1%         N/A       65%         3
 Blink                    Tloc           Unusable   N/A       N/A         2

Dungeon Overview and Level Annotations

Branches:
Dungeon (3/15)

Altars:
Trog

Annotations:
D:3 Crazy Yiuf


Innate Abilities, Weirdness & Mutations

You cannot be hasted, slowed, berserked, paralysed or teleported.
You can dig through walls and to a lower floor.
You have a pair of large antennae on your head. (SInv)
Your four strong arms can wield two-handed weapons with a shield.


Message History

The worm bites you but does no damage.
You barely miss the worm. The worm bites you!
You slash the worm! You burn the worm.
The worm is almost dead.
The worm closely misses you.
You slash the worm! You burn the worm.
You kill the worm!
You start resting.
You feel less attractive to monsters.
You start resting.
You feel a little less mighty now.
There is a stone staircase leading up here.
You start resting.
HP restored.
Found a hammer.
Found a hammer.
You see here a +0 hammer.
You see here a +0 hammer.
You see here a +1 hammer of protection.
You see here a +2 heavy hammer.
You see here a +0 hammer.
Found a hammer.
Found a runed translucent door.
You open the door.
There is an open translucent door here.
Crazy Yiuf shouts!
You closely miss Crazy Yiuf. Crazy Yiuf closely misses you.
Crazy Yiuf hits you with a +3 quarterstaff of chaos.
Crazy Yiuf burns you.
You barely miss Crazy Yiuf. Crazy Yiuf barely misses you.
You closely miss Crazy Yiuf.
Crazy Yiuf hits you with a +3 quarterstaff of chaos.
You are poisoned.
Crazy Yiuf hits you with a +3 quarterstaff of chaos!
You closely miss Crazy Yiuf.
You feel very sick.
Crazy Yiuf hits you with a +3 quarterstaff of chaos.
Crazy Yiuf burns you.
You barely miss Crazy Yiuf.
You feel sick.
Crazy Yiuf hits you with a +3 quarterstaff of chaos!
You die...

####♣♣ #####
##))))♣♣ ♣♣#..)#
#..))))♣♣♣♣.'@g.#
#.))))).♣..♣#...#
#.#))).♣.♣♣♣#####
#..##♣♣♣♣♣ ##..#
###...###
....)<..#
....#####
.##..#*********


You could see Crazy Yiuf.

Vanquished Creatures
  An ogre (D:3)
  3 adders
  4 worms
  2 dart slugs
  3 orcs (D:3)
  2 ball pythons
  2 bats
  4 endoplasms
  A goblin (D:1)
  3 hobgoblins
  7 kobolds
  A quokka (D:2)
  A frilled lizard (D:3)
  4 rats
38 creatures vanquished.

Notes
Turn   | Place    | Note
-------+----------+-------------------------------------------
     0 | D:1      | Pimp the Formicid Wanderer began the quest for the Orb.
     0 | D:1      | Pimp set off with the following items: a +0 dagger, a +0
                  | cloak, a potion of might, a +0 robe, a potion of curing;
                  | and the following spell memorised: Slow; and the following
                  | spells available to memorise: Inner Flame, Fulminant Prism.
     0 | D:1      | Reached XP level 1. HP: 13/13 MP: 2/2
   363 | D:1      | Learned a level 1 spell: Sandblast
   371 | D:1      | Reached XP level 2. HP: 19/19 MP: 3/3
  1150 | D:2      | Reached XP level 3. HP: 24/25 MP: 5/5
  1674 | D:2      | Reached skill level 1 in Earth Magic
  1863 | D:3      | Reached XP level 4. HP: 27/31 MP: 6/6
  1884 | D:3      | Found a bloodstained altar of Trog.
  1928 | D:3      | Noticed an ogre
  1938 | D:3      | Killed an ogre
  1939 | D:3      | Reached skill level 1 in Fighting
  1939 | D:3      | Reached skill level 1 in Axes
  1939 | D:3      | Reached skill level 1 in Armour
  1939 | D:3      | Reached XP level 5. HP: 33/37 MP: 6/8
  1958 | D:2      | HP: 1/37 [poisoned by an adder]
  2108 | D:3      | Found a runed translucent door.
  2109 | D:3      | Noticed Crazy Yiuf
  2119 | D:3      | Slain by Crazy Yiuf

Illustrated notes

Levels and vault maps discovered:
D:1:      matt_arrival_los_fun, layout_basic
D:2:      layout_loops_cross, minmay_tromino_v4_c
D:3:      layout_rooms, trog_three_pillars_becter,
          nicolae_dithmenos_the_darkroom, uniq_crazy_yiuf_cottage, uniq_sigmund

Skill      XL: |  1  2  3  4 |
---------------+-------------+-----
Earth Magic    | 1 |  1.8
Fighting       | 1 |  1.3
Axes           | 1 |  1.2
Armour         | 1 |  1.4
Spellcasting   | 2 |  2.2
Short Blades   | |  0.6
Dodging        | |  0.7
Stealth        | |  2.9
Hexes          | |  6.4
Evocations     | |  2.9

Action                     |  1- 3 |  4- 6 || total
---------------------------+-------+-------++-------
  Melee: Dagger            |    77 |     2 ||    79
         Short sword       |    49 |       ||    49
         Broad axe         |       |    27 ||    27
   Cast: Sandblast         |     5 |       ||     5
         Slow              |     2 |       ||     2
    Use: Scroll            |     2 |     2 ||     4
         Potion            |       |    12 ||    12
   Stab: Sleeping          |     2 |       ||     2
 Armour: Robe              |    21 |     7 ||    28
  Dodge: Dodged            |    51 |    18 ||    69

Table legend: (Time is in decaauts)
 A = Elapsed time spent in this place.
 B = Non-inter-level travel time spent in this place.
 C = Inter-level travel time spent in this place.
 D = Time resting spent in this place.
 E = Time spent auto-exploring this place.
 F = Levels seen in this place.
 G = Mean time per level.
                   A        B        C        D        E       F      G
               +--------+--------+--------+--------+--------+-----+--------+
         Total |   2133 |   2091 |     42 |    305 |   1321 |   3 |  711.0 |
       Dungeon |   2133 |   2091 |     42 |    305 |   1321 |   3 |  711.0 |
               +--------+--------+--------+--------+--------+-----+--------+

Top non-repeatable levels by time:
     D:1: 1049 daAuts
     D:2: 842 daAuts
     D:3: 240 daAuts
